Map: Fields of Death

Players

PiPuxD - Winner!

  • Race: Terran Terran
  • League: Gold
  • Spawn Location: 6:00

MattBarry - Winner!

  • Race: Zerg Zerg
  • League: Gold
  • Spawn Location: 7:00

Almver

  • Race: Zerg Zerg
  • League: Diamond
  • Spawn Location: 12:00

Fordamon

  • Race: Protoss Protoss
  • Spawn Location: 12:00

VOD

Have the link to the VOD?

Description

Time

  • Played on: Feb. 10, 2023, 6:05 p.m.
  • Length: 14:19
Show
View Real Time Build Order
Export as new Build Order

PiPuxD Terran - Winner!

Build Orders: 2 Factory, Mech 

Get SALT Encoding   

  12  0:00  SCV  
  13  0:12  SCV  
  14  0:17  Supply Depot  
  14  0:24  SCV  
  15  0:38  SCV  
  15  0:40  Barracks  
  16  0:44  Refinery  
  16  0:50  SCV  
  17  1:04  SCV  
  18  1:16  SCV  
  19  1:31  Orbital Command  
  20  1:32  Reaper  
  20  1:41  Command Center  
  20  1:47  Supply Depot  
  20  1:56  Refinery  
  20  1:57  SCV  
  21  2:05  Barracks Reactor  
  21  2:09  SCV  
  22  2:22  Factory  
  22  2:41  Bunker, SCV  
  23  2:46  Marine x2  
  25  2:55  SCV  
  26  3:04  Marine x2  
  28  3:12  SCV  
  29  3:13  Orbital Command  
  29  3:26  Factory  
  28  3:37  Factory  
  28  3:42  Hellion x2  
  28  3:45  Barracks Tech Lab  
  32  3:51  SCV  
  32  3:52  SCV  
  34  4:03  SCV  
  34  4:05  Hellion x2  
  40  4:10  SCV  
  40  4:16  SCV  
  41  4:22  SCV  
  42  4:28  SCV, Siege Tank  
  46  4:35  Hellion x2  
  46  4:37  Supply Depot, Infernal Pre-Igniter  
  50  4:38  Supply Depot  
  50  4:45  SCV  
  50  4:46  SCV  
  52  4:57  Hellion  
  52  4:58  SCV  
  52  4:59  Hellion  
  57  5:00  Siege Tank  
  60  5:08  SCV  
  60  5:10  SCV  
  62  5:19  Hellion  
  62  5:20  SCV, Hellion  
  67  5:23  SCV  
  68  5:30  Armory  
  68  5:59  SCV  
  68  6:00  SCV  
  68  6:02  Refinery  
  70  6:05  Supply Depot  
  70  6:06  Supply Depot  
  70  6:07  Refinery  
  70  6:14  Command Center  
  70  6:17  SCV x2  
  72  6:26  Thor  
  72  6:27  Starport  
  72  6:29  SCV x2  
  80  6:33  Factory  
  80  6:34  Factory  
  80  6:41  SCV  
  80  6:43  SCV  
  82  6:53  SCV  
  81  7:01  SCV  
  82  7:05  SCV  
  83  7:17  SCV x2  
  83  7:20  Starport Reactor  
  85  7:24  Armory  
  85  7:26  Terran Vehicle Weapons Level 1  
  85  7:29  SCV x2, Factory Tech Lab  
  87  7:30  Factory Tech Lab  
  87  7:32  Orbital Command  
  81  7:52  Hellbat x2, Thor x3  
  97  8:10  Viking x2  
  97  8:12  Terran Vehicle And Ship Armor Level 1  
  95  8:17  SCV x3  
  98  8:26  Refinery x2  
  98  8:29  SCV x2, Command Center  
  100  8:34  Hellion  
  100  8:35  Hellion  
  104  8:41  Smart Servos  
  104  8:56  SCV x3  
  107  9:08  SCV x3, Hellion x2  
  107  9:09  Supply Depot  
  110  9:10  Supply Depot x2  
  110  9:18  Siege Tank x2  
  110  9:19  Siege Tank  
  110  9:20  SCV x3  
  110  9:21  Hellion x2  
  126  9:29  Terran Vehicle Weapons Level 2  
  126  9:37  Liberator x2  
  132  9:51  Command Center  
  134  9:53  Hellion x2, Siege Tank x3  
  145  10:06  Supply Depot  
  145  10:07  Supply Depot  
  145  10:09  Supply Depot, Terran Vehicle And Ship Armor Level 2  
  145  10:17  Thor x3  
  145  10:31  Siege Tank x3  
  145  10:32  Hellion x2  
  138  11:03  Thor x2  
  143  11:07  Thor  
  143  11:09  Hellion x2  
  136  11:25  Orbital Command  
  130  11:33  SCV x2  
  130  11:34  SCV  
  133  11:51  Thor x2  
  145  11:54  Factory  
  145  11:57  Factory  
  145  11:59  Refinery  
  145  12:00  Refinery  
  145  12:01  Thor  
  151  12:02  Hellion x2  
  155  12:36  Thor x2  
  167  12:43  Thor  
  151  13:00  Hellion x2  
  151  13:03  Factory Tech Lab x2  
  155  13:07  Liberator x2  
  161  13:14  Orbital Command  
  161  13:17  SCV x3  
  164  13:20  Thor  
  164  13:24  Hellion x5  
Show
View Real Time Build Order
Export as new Build Order

MattBarry Zerg - Winner!

Build Orders: Hatch First, Lurkers 

Get SALT Encoding   

  12  0:00  Drone  
  13  0:12  Overlord  
  13  0:16  Drone  
  14  0:30  Drone x2  
  16  0:54  Hatchery, Drone  
  17  0:57  Drone  
  17  1:06  Drone  
  17  1:09  Extractor  
  17  1:22  Spawning Pool  
  17  1:23  Drone  
  17  1:24  Drone  
  18  1:42  Drone  
  18  1:43  Drone  
  20  2:04  Evolution Chamber  
  19  2:08  Zergling x2  
  19  2:09  Zergling x4, Queen x2  
  19  2:14  Metabolic Boost  
  26  2:26  Zergling x4  
  27  2:42  Overlord x2  
  27  2:55  Zerg Melee Weapons Level 1  
  27  2:58  Overlord  
  27  2:59  Overlord  
  27  3:19  Drone x6  
  33  3:23  Extractor  
  32  3:41  Queen x2  
  36  3:58  Zergling x16  
  41  4:09  Drone x4  
  44  4:17  Lair  
  44  4:27  Roach Warren  
  44  4:28  Drone  
  44  4:39  Drone x4  
  44  4:40  Drone x2  
  50  5:08  Hatchery  
  49  5:18  Drone x3  
  49  5:19  Drone x8  
  60  5:22  Overlord  
  60  5:24  Zerg Missile Weapons Level 1  
  60  5:25  Glial Reconstitution  
  60  5:30  Overlord  
  60  5:45  Roach  
  60  5:46  Roach x3  
  68  5:56  Extractor  
  67  5:58  Extractor  
  66  6:28  Spore Crawler  
  66  6:29  Spore Crawler  
  66  6:31  Spore Crawler  
  63  6:33  Spore Crawler  
  63  6:34  Spore Crawler x2  
  60  6:42  Hydralisk Den  
  61  6:54  Roach x11  
  61  6:55  Overlord  
  61  6:56  Overlord x2  
  80  7:19  Zerg Ground Armor Level 1  
  80  7:21  Roach x5  
  80  7:22  Roach x4  
  98  7:24  Ravager  
  98  7:28  Ravager  
  100  7:35  Ravager  
  103  7:44  Roach x2  
  89  8:14  Roach x8  
  89  8:18  Overlord x2  
  89  8:19  Overlord x2  
  105  8:32  Drone  
  105  8:33  Evolution Chamber  
  105  8:34  Overlord x2  
  105  8:45  Zergling x10  
  110  8:54  Drone x4  
  114  9:00  Extractor  
  114  9:02  Extractor  
  112  9:07  Grooved Spines  
  112  9:12  Zerg Missile Weapons Level 2  
  112  9:19  Drone  
  112  9:20  Drone x6  
  112  9:21  Drone  
  112  9:24  Zergling x10  
  125  9:47  Ravager  
  125  9:48  Ravager  
  125  9:49  Ravager  
  125  9:50  Hatchery  
  124  10:07  Hydralisk x5  
  124  10:08  Hydralisk  
  136  10:19  Muscular Augments  
  136  10:26  Overseer  
  126  10:49  Hydralisk x4  
  106  10:50  Hydralisk x6  
  101  11:04  Hydralisk  
  101  11:05  Hydralisk x2  
  100  11:21  Hydralisk x4  
  102  11:34  Hydralisk  
  102  11:35  Hydralisk x14  
  127  11:44  Infestation Pit  
  124  11:48  Hydralisk, Lurker Den  
  123  11:59  Drone x5  
  129  12:01  Drone  
  129  12:02  Drone  
  130  12:15  Queen  
  123  12:51  Queen  
  123  12:55  Hydralisk  
  123  12:56  Hydralisk x11  
  127  14:05  Lurker  
  127  14:06  Lurker  
  127  14:07  Lurker  
  127  14:08  Lurker  
  127  14:09  Lurker x2  
  133  14:10  Lurker  
  133  14:13  Lurker  
Show
View Real Time Build Order
Export as new Build Order

Almver Zerg 

Build Orders: Pool First 

Get SALT Encoding   

  12  0:03  Drone  
  13  0:28  Spawning Pool, Drone  
  13  0:29  Drone  
  13  0:35  Extractor  
  13  0:37  Drone  
  15  0:51  Overlord  
  15  1:15  Zergling x4  
  15  1:16  Zergling x2  
  15  1:17  Queen  
  20  1:22  Extractor  
  19  1:29  Drone  
  20  1:38  Hatchery  
  19  1:46  Drone  
  20  1:53  Drone  
  21  2:00  Overlord  
  21  2:12  Spore Crawler  
  21  2:14  Queen  
  23  2:38  Drone x3  
  23  2:39  Drone x2  
  28  2:50  Drone x2  
  27  2:58  Queen  
  27  3:01  Drone  
  27  3:03  Metabolic Boost  
  30  3:11  Drone  
  30  3:12  Drone x2  
  33  3:22  Drone x2  
  35  3:29  Drone  
  35  3:30  Overlord x2  
  36  3:51  Zergling x2  
  36  3:52  Zergling x6  
  40  4:11  Drone x6  
  46  4:23  Hatchery, Drone x2  
  47  4:30  Zergling x4  
  49  4:42  Drone x2  
  51  4:47  Extractor  
  51  4:48  Extractor  
  45  4:59  Drone x6  
  51  5:00  Roach Warren  
  50  5:09  Lair  
  50  5:11  Extractor  
  47  5:43  Evolution Chamber  
  47  5:44  Roach x6  
  47  5:45  Overlord  
  47  5:46  Evolution Chamber, Overlord x2  
  59  6:04  Roach x9  
  75  6:12  Hatchery  
  74  6:19  Zerg Missile Weapons Level 1  
  74  6:30  Glial Reconstitution  
  74  6:48  Ravager x2  
  76  6:57  Overlord x3  
  76  7:07  Overlord x2  
  76  7:09  Zerg Ground Armor Level 1  
  76  7:19  Roach  
  76  7:20  Roach x8  
  76  7:22  Overlord x2  
  94  7:23  Overlord  
  94  7:24  Drone x2  
  94  7:28  Overseer x2  
  96  7:38  Infestation Pit  
  96  7:39  Drone x4  
  85  8:06  Roach  
  85  8:07  Roach x7  
  97  8:17  Drone x2  
  99  8:20  Drone x5  
  99  8:25  Zerg Missile Weapons Level 2  
  104  8:29  Hive  
  105  8:34  Zergling x8  
  105  8:39  Spire  
  107  8:42  Overlord x2  
  107  8:47  Roach x4  
  115  8:55  Extractor  
  115  8:59  Extractor  
  113  9:11  Roach  
  113  9:12  Roach x7  
  129  9:18  Drone x4  
  133  9:36  Drone x8  
  141  9:41  Spore Crawler  
  140  9:46  Spore Crawler, Overlord  
  140  9:47  Overlord  
  139  10:09  Overlord x2  
  139  10:12  Mutalisk  
  139  10:13  Mutalisk x9  
  159  10:19  Zerg Flyer Weapons Level 1  
  149  10:47  Roach  
  149  10:48  Roach x10  
  115  10:58  Roach  
  89  11:25  Roach  
  75  11:26  Roach x9  
  83  11:44  Roach x6  
  95  11:51  Hatchery  
  94  12:01  Roach x5  
  104  12:09  Hatchery  
  104  12:13  Hatchery  
  104  12:15  Roach x6  
  114  12:19  Ravager x5  
  95  12:55  Roach  
  95  12:56  Roach x9  
  65  13:30  Roach x8  
  81  13:36  Ravager  
  81  13:37  Ravager x6  
  88  13:43  Roach  
  88  13:44  Roach x3  
Show
View Real Time Build Order
Export as new Build Order

Fordamon Protoss 

Build Orders:  

Get SALT Encoding   

  12  0:01  Probe (Chrono Boost)  
  13  0:11  Probe (Chrono Boost)  
  14  0:20  Pylon  
  14  0:30  Probe  
  15  0:39  Gateway  
  15  0:42  Probe  
  16  0:48  Assimilator  
  16  0:54  Probe  
  17  1:06  Gateway, Probe (Chrono Boost)  
  19  1:18  Probe (Chrono Boost)  
  19  1:32  Pylon  
  19  1:33  Probe  
  19  1:36  Zealot  
  19  1:39  Cybernetics Core  
  22  1:45  Probe  
  23  1:55  Forge  
  23  2:00  Probe  
  24  2:20  Adept  
  26  2:23  Adept  
  28  2:33  Photon Cannon  
  28  2:41  Assimilator  
  28  2:52  Stargate  
  28  3:10  Photon Cannon  
  26  3:13  Pylon  
  26  3:15  Shield Battery  
  26  3:18  Probe  
  27  3:30  Nexus  
  27  3:44  Photon Cannon  
  27  3:52  Photon Cannon  
  27  4:08  Pylon  
  27  4:13  Pylon  
  27  4:25  Photon Cannon  
  27  4:32  Probe  
  27  4:34  Warp Gate (Chrono Boost)  
  28  4:42  Photon Cannon  
  28  4:50  Pylon  
  28  4:56  Probe x2  
  30  5:11  Shield Battery  
  30  5:17  Zealot  
  32  5:23  Photon Cannon  
  28  5:41  Zealot (Chrono Boost)  
  28  5:42  Zealot (Chrono Boost)  
  31  5:50  Photon Cannon  
  31  5:53  Gateway  
  31  5:57  Twilight Council  
  31  5:59  Photon Cannon  
  31  6:02  Probe x2  
  31  6:03  Pylon  
  33  6:09  Pylon  
  33  6:14  Probe x2  
  35  6:21  Zealot  
  35  6:23  Zealot  
  39  6:32  Probe (Chrono Boost)  
  41  6:37  Photon Cannon, Probe (Chrono Boost)  
  41  6:43  Zealot  
  41  6:44  Charge (Chrono Boost)  
  43  6:55  Gateway  
  43  6:59  Probe  
  43  7:00  Zealot  
  46  7:03  Zealot  
  48  7:22  Zealot x2  
  50  7:23  Pylon  
  52  7:35  Stargate  
  56  7:40  Void Ray  
  56  7:41  Protoss Ground Armor Level 1  
  56  7:48  Zealot  
  58  7:56  Zealot x2  
  54  8:18  Zealot x3  
  60  8:25  Zealot  
  62  8:33  Void Ray (Chrono Boost), Probe x2  
  68  8:38  Assimilator  
  68  8:42  Pylon  
  68  8:44  Zealot  
  68  8:45  Probe  
  71  9:01  Void Ray (Chrono Boost)  
  75  9:06  Photon Cannon  
  75  9:10  Protoss Air Weapons Level 1  
  75  9:16  Zealot  
  77  9:18  Pylon  
  77  9:37  Zealot  
  79  9:41  Zealot  
  79  9:43  Protoss Shields Level 1  
  81  9:46  Nexus  
  81  9:53  Pylon  
  81  10:02  Photon Cannon  
  81  10:07  Assimilator  
  81  10:11  Probe x2  
  83  10:16  Photon Cannon  
  87  10:23  Probe  
  87  10:25  Void Ray  
  87  10:26  Assimilator  
  88  10:30  Probe  
  88  10:35  Probe  
  56  10:50  Zealot x3  
  56  10:51  Zealot  
  62  11:28  Void Ray x2  
  62  11:45  Zealot x2  
  62  11:46  Zealot x2  
  70  11:48  Probe x3  
  65  12:00  Probe  
  66  12:03  Stargate  
  66  12:04  Stargate  
  66  12:08  Photon Cannon  
  66  12:12  Pylon  
  66  12:22  Probe x2  
  76  12:23  Probe  
  76  12:25  Void Ray  
  76  12:26  Void Ray  
  77  12:31  Pylon  
  77  12:40  Zealot x2  
  77  12:41  Zealot x2  
  53  13:01  Zealot x2  
  53  13:02  Zealot x2  
  61  13:08  Photon Cannon  
  61  13:10  Gateway  
  61  13:12  Photon Cannon  
  61  13:23  Photon Cannon  
  61  13:25  Photon Cannon  
  57  13:27  Zealot x2  
  57  13:28  Zealot  
  57  13:31  Zealot  
  49  13:49  Zealot x3  
  49  13:52  Zealot  
  48  14:05  Probe x3  
  51  14:15  Zealot x2  
  51  14:16  Zealot  
Tags
 
Add a new tag
Caveats
  • Supply blocks, unpowered buildings, or Contaminate may cause inaccurate times.
  • Supply counts are checked every 10 seconds.